 Dungeon Crawl Stone Soup version 0.29-a0-222-g5b244fca1f (webtiles) character file.

Game seed: 10214909704510857425

156 finalsalamander the Sneak (level 5, 0/49 HPs)
             Began as a Naga Wanderer on Feb 21, 2022.
             Slain by an ogre
             ... wielding a +0 giant spiked club
              (10 damage)
             ... on level 3 of the Dungeon on Feb 27, 2022.
             The game lasted 00:12:08 (3433 turns).

finalsalamander the Sneak (Naga Wanderer)           Turns: 3433, Time: 00:12:09

Health: 0/49       AC:  6    Str: 17    XL:     5   Next: 37%
Magic:  8/8        EV:  7    Int: 15    God:
Gold:   257        SH:  0    Dex:  7    Spells: 6/8 levels left

rFire   . . .      SeeInvis +   a - +0 flail (protect)
rCold   . . .      Faith    .   (no shield)
rNeg    . . .      Spirit   .   l - +0 scale mail
rPois   +          Reflect  .   s - +0 helmet
rElec   .          Harm     .   (no cloak)
rCorr   .          Rampage  .   (no gloves)
Will    .....                   (no barding)
Stlth   +.........              (no amulet)
HPRegen 0.16/turn               (no ring)
MPRegen 0.11/turn               (no ring)

@: very slow
A: AC +1, large, see invisible, deformed body, poison resistance, slowness 2,
spit poison 1, naga tail 1
a: Spit Poison


You were on level 3 of the Dungeon.
You visited 1 branch of the dungeon, and saw 4 of its levels.

You collected 257 gold pieces.

Inventory:

Hand Weapons
 a - a +0 flail of protection (weapon)
   (You took it off an orc on level 1 of the Dungeon)
 f - a +0 dagger
   (You took it off a goblin on level 1 of the Dungeon)
 m - a +0 mace
   (You found it on level 1 of the Dungeon)
 o - a +0 hand axe
   (You took it off an orc priest on level 2 of the Dungeon)
Missiles
 c - 100 stones
Armour
 e - a +0 plate armour
   (You took it off a kobold on level 1 of the Dungeon)
 j - a +0 ring mail
   (You found it on level 1 of the Dungeon)
 l - a +0 scale mail (worn)
   (You took it off an orc on level 1 of the Dungeon)
 s - a +0 helmet (worn)
   (You found it on level 2 of the Dungeon)
Jewellery
 b - a ring of ice
   (You found it on level 2 of the Dungeon)
Scrolls
 g - a scroll of fog {unknown}
 h - a scroll of fear {unknown}
 i - a scroll of amnesia {unknown}
 n - a scroll of brand weapon {unknown}
 p - 2 scrolls of noise {unknown}
 q - 3 scrolls of identify {unknown}
 r - a scroll of torment {unknown}
Potions
 d - a potion of haste {unknown}
 k - 2 potions of heal wounds {unknown}
 t - a potion of curing {unknown}


   Skills:
 + Level 3.2 Fighting
 + Level 0.6 Axes
 - Level 1.5 Armour
 - Level 1.0 Dodging
 + Level 5.2 Stealth
 - Level 2.0 Spellcasting
 - Level 3.0 Conjurations
 - Level 2.0 Fire Magic


You had 6 spell levels left.
You knew the following spells:

 Your Spells              Type           Power      Damage    Failure   Level
a - Magic Dart            Conj           40%        1d5       22%         1
b - Foxfire               Conj/Fire      36%        2x1d5     26%         1

Your spell library contained the following spells:

 Spells                   Type           Power      Damage    Failure   Level
 Static Discharge         Conj/Air       6%         N/A       52%         2
 Freeze                   Ice            4%         1d3       58%         1
 Sandblast                Erth           2%         2d4       58%         1
 Passwall                 Tmut/Erth      0%         N/A       75%         2
 Sublimation of Blood     Necr           1%         N/A       75%         2
 Stone Arrow              Conj/Erth      12%        3d7       77%         3
 Inner Flame              Hex/Fire       4%         N/A       83%         3
 Frozen Ramparts          Ice            2%         1d2       92%         3
 Flame Wave               Conj/Fire      9%         2d5       95%         4
 Hailstorm                Conj/Ice       6%         3d4       99%         4
 Petrify                  Tmut/Erth      1%         N/A       100%        4
 Irradiate                Conj/Tmut      3%         3d15      100%        5


Dungeon Overview and Level Annotations

Branches:
Dungeon (4/15)
 Temple: D:4-7

Altars:
Kikubaaqudgha


Innate Abilities, Weirdness & Mutations

Your serpentine skin is tough. (AC +1)
You have supernaturally acute eyesight. (SInv)
Armour fits poorly on your strangely shaped body.
Your system is resistant to poisons. (rPois)
You cover ground very slowly.
You can spit poison.
You have a snake-like lower body.


Message History

You have got your breath back.
There is a stone staircase leading down here.
You see here a giant cockroach corpse.
You open the door.
There is an open door here.
There is a stone staircase leading up here.
Found 15 gold pieces.
You now have 238 gold pieces (gained 15).
Found 12 gold pieces.
You now have 250 gold pieces (gained 12).
A giant cockroach comes into view.
Aim: a giant cockroach (asleep, 100% to hit)
The magic dart hits the giant cockroach.
You kill the giant cockroach!
Found a ring mail.
u - a +0 ring mail You drop a +0 ring mail.
Found a pair of boots.
You see here a +0 pair of boots.
Found 7 gold pieces.
You now have 257 gold pieces (gained 7).
Found a scroll labelled XIBYFREREL.
Found a stone staircase leading down.
q - 3 scrolls labelled XIBYFREREL (gained 1) Done exploring.
Done exploring.
There is a stone staircase leading down here.
You climb downwards.
There is a stone staircase leading up here.
An ogre comes into view. It is wielding a +0 giant spiked club.
The ogre shouts!
You hear a shout!
You barely miss the ogre. The ogre closely misses you. x2
There is a stone staircase leading up here.
The ogre hits you with a +0 giant spiked club.
You climb upwards.
There is a stone staircase leading down here.
Aim: an ogre, wielding a +0 giant spiked club (81% to hit)
The splash of poison hits the ogre.
The ogre is poisoned.
The ogre hits you with a +0 giant spiked club.
The ogre closely misses you.
You have got your breath back.
Aim: an ogre, wielding a +0 giant spiked club (lightly wounded, poisoned, 81% to hit)
The splash of poison hits the ogre.
The ogre looks even sicker.
The ogre hits you with a +0 giant spiked club!!
* * * LOW HITPOINT WARNING * * *
The ogre hits you with a +0 giant spiked club!
* * * LOW HITPOINT WARNING * * *
You have got your breath back.
The ogre barely misses you.
The ogre hits you with a +0 giant spiked club!
You die...

#....# #. ########
#....####.
#......####....#....
#.......#...........
#.....>##.#....#.##.
######......##.#......###
#...##......##.###.####
#......O....##.# #.######
#......#@#####.# #.......
#......#.#####.#########.
####....#.....#.........#.
#.............#.#.......#.
#.##########..#...........
#.##########..###.###.####
#.............# #.# #.#...
########...#.## #.# #[#...
#...#.# #.# #.#...


You could see an ogre.

Vanquished Creatures
  2 orc priests (D:2)
  An orc wizard (D:1)
  An adder (D:2)
  A worm (D:2)
  A dart slug (D:2)
  3 orcs
  2 ball pythons
  7 endoplasms
  6 giant cockroaches
  2 goblins
  3 hobgoblins
  6 kobolds
  3 quokkas
  4 bats
  6 frilled lizards
  5 rats
53 creatures vanquished.

Vanquished Creatures (others)
  2 foxfires (D:2)
2 creatures vanquished.

Grand Total: 55 creatures vanquished

Notes
Turn   | Place    | Note
-------+----------+-------------------------------------------
     0 | D:1      | finalsalamander the Naga Wanderer began the quest for the
                  | Orb.
     0 | D:1      | finalsalamander set off with the following items: a +0
                  | club, a +0 ring mail; and the following spells available to
                  | memorise: Magic Dart, Foxfire, Static Discharge, Inner
                  | Flame, Flame Wave
     0 | D:1      | Reached XP level 1. HP: 15/15 MP: 3/3
     2 | D:1      | Learned a level 1 spell: Magic Dart
     4 | D:1      | Learned a level 1 spell: Foxfire
    78 | D:1      | Reached skill level 1 in Stealth
   167 | D:1      | Reached skill level 2 in Stealth
   185 | D:1      | Reached XP level 2. HP: 20/22 MP: 0/5
   209 | D:1      | Reached skill level 3 in Stealth
   558 | D:1      | Found a faded altar of an unknown god.
   717 | D:1      | Reached skill level 4 in Stealth
   727 | D:1      | Upgraded the game from 0.29-a0-187-ga23d9638d5 to
                  | 0.29-a0-222-g5b244fca1f
   805 | D:1      | Reached XP level 3. HP: 28/28 MP: 6/6
  1210 | D:2      | Reached skill level 5 in Stealth
  1210 | D:2      | Reached skill level 1 in Fighting
  1210 | D:2      | Reached XP level 4. HP: 38/38 MP: 3/7
  1825 | D:2      | Reached XP level 5. HP: 49/49 MP: 6/8
  2001 | D:2      | Found an ancient bone altar of Kikubaaqudgha.
  3411 | D:4      | Noticed an ogre
  3433 | D:3      | Slain by an ogre

Illustrated notes

Levels and vault maps discovered:
D:1:      evilmike_arrival_fibonacci_small, layout_loops_ring,
          chequers_ecumenical_altar_simple, minmay_tall_x
D:2:      layout_loops_ring, basic_altar, corner_web_ring, hex_medium,
          roderic_roman_lattice, minmay_cut_off
D:3:      layout_basic
D:4:      layout_basic

Skill      XL: |  1  2  3  4 |
---------------+-------------+-----
Stealth        | 2 4 5 |  5.2
Fighting       | 1 3 |  3.2
Axes           | |  0.6
Armour         | |  1.5
Dodging        | |  1.0
Spellcasting   | |  2.0
Conjurations   | |  3.0
Fire Magic     | |  2.0

Action                   |  1- 3 |  4- 6 || total
-------------------------+-------+-------++-------
Melee: Dagger            |    20 |     6 ||    26
       Flail             |       |    25 ||    25
 Cast: Magic Dart        |    24 |    16 ||    40
       Foxfire           |     1 |       ||     1
 Abil: Spit Poison       |    26 |    32 ||    58
Armor: Ring mail         |    10 |     6 ||    16
       Scale mail        |       |    11 ||    11
Dodge: Dodged            |    13 |    16 ||    29

Table legend: (Time is in decaauts)
 A = Elapsed time spent in this place.
 B = Non-inter-level travel time spent in this place.
 C = Inter-level travel time spent in this place.
 D = Time resting spent in this place.
 E = Time spent auto-exploring this place.
 F = Levels seen in this place.
 G = Mean time per level.
                   A        B        C        D        E       F      G
               +--------+--------+--------+--------+--------+-----+--------+
         Total |   4245 |   4164 |     81 |    558 |   2978 |   4 | 1061.2 |
       Dungeon |   4245 |   4164 |     81 |    558 |   2978 |   4 | 1061.2 |
               +--------+--------+--------+--------+--------+-----+--------+

Top non-repeatable levels by time:
     D:1: 2115 daAuts
     D:2: 1207 daAuts
     D:3: 904 daAuts
     D:4: 17 daAuts
